 Dungeon Crawl Stone Soup version 0.19.5 (webtiles) character file.

21735 Azzok the Marksminotaur (level 12, -4/106 HPs)
             Began as a Minotaur Fighter on July 4, 2017.
             Was a High Priest of Okawaru.
             Slain by a freezing wraith (11 damage)
             ... in an ice cave.
             The game lasted 00:32:11 (11770 turns).

Azzok the Marksminotaur (Minotaur Fighter)         Turns: 11770, Time: 00:32:12

Health: -4/106     AC: 10    Str: 24    XL:     12   Next: 56%
Magic:  9/9        EV:  9    Int:  5    God:    Okawaru [*****.]
Gold:   774        SH:  0    Dex: 12    Spells: 0 memorised, 11 levels left

rFire  + . .     SeeInvis .     a - +2 shortbow (flame)
rCold  . . .     Gourm    .     j - +1 scale mail {rF+}
rNeg   . . .     Faith    +     (shield currently unavailable)
rPois  +         Spirit   .     (helmet restricted)
rElec  +         Reflect  .     (no cloak)
rCorr  .         Harm     .     C - +0 pair of gloves
MR     .....                    w - +0 pair of boots
Stlth  ..........               S - amulet of faith
                                E - ring of poison resistance
                                V - ring of Huvum {+Inv rElec MP-9 Str+3 Dex-3 Slay+4}

@: slowed, very slow
A: retaliatory headbutt, horns 2
a: Heroism, Finesse, Renounce Religion, Evoke Invisibility


You were in an ice cave.
You worshipped Okawaru.
Okawaru was extremely pleased with you.
You were not hungry.

You visited 3 branches of the dungeon, and saw 16 of its levels.
You also visited: Ice Cave.

You collected 774 gold pieces.

Inventory:

Hand Weapons
 a - a +2 shortbow of flaming (weapon)
 b - a +2 whip of venom
Missiles
 B - 247 arrows (quivered)
Armour
 j - a +1 scale mail of fire resistance (worn)
 w - a +0 pair of boots (worn)
 C - a +0 pair of gloves (worn)
Jewellery
 k - an uncursed amulet of regeneration
 v - a +5 ring of evasion
 y - an uncursed ring of see invisible
 E - a ring of poison resistance (right hand)
 F - a +3 ring of protection
 I - an uncursed ring of resist corrosion
 S - an amulet of faith (around neck)
 T - an uncursed ring of protection from magic
 V - the ring of Huvum (left hand) {+Inv rElec MP-9 Str+3 Dex-3 Slay+4}
   (You found it on level 10 of the Dungeon)

   [ring of strength]

   It affects your strength (+3).
   It affects your dexterity (-3).
   It affects your accuracy and damage with ranged weapons and melee attacks
   (+4).
   It insulates you from electricity.
   It affects your magic capacity (-9).
   It lets you turn invisible.
Scrolls
 l - 2 scrolls of fog
 m - 2 scrolls of enchant armour
 q - 4 scrolls of teleportation
 s - 3 scrolls of enchant weapon
 x - 2 scrolls of fear
 D - 2 scrolls of magic mapping
 J - 4 scrolls of blinking
 L - 2 scrolls of recharging
 N - 3 scrolls of amnesia
 U - a scroll of vulnerability {unknown}
Potions
 d - 2 potions of might
 e - a potion of resistance {unknown}
 g - a potion of haste {unknown}
 h - 12 potions of curing {unknown}
 n - a potion of agility {unknown}
 o - 2 potions of brilliance {unknown}
 r - 3 potions of degeneration {unknown}
 u - 6 potions of heal wounds
 G - a potion of magic {unknown}
 K - 3 potions of flight {unknown}
 Q - a potion of lignification {unknown}
 R - a potion of ambrosia {unknown}
Comestibles
 c - a slice of pizza
 f - 13 bread rations {@e1}
 t - 9 meat rations {@e2}
 z - 18 fruits
 A - 2 beef jerkies


   Skills:
 - Level 10.0 Fighting
   Level 2.4 Long Blades
 + Level 17.3 Bows
 - Level 3.6 Armour
   Level 3.6 Shields
 - Level 10.0 Invocations


You had 11 spell levels left.
You didn't know any spells.

Dungeon Overview and Level Annotations

Branches:
Dungeon (10/15)            Temple (1/1) D:4            Lair (5/6) D:10
 Shoals (0/4) Lair:4        Snake (0/4) Lair:3        Slime (0/5) Lair:5
    Orc: D:9-12

Altars:
Ashenzari
Cheibriados
Dithmenos
Elyvilon
Fedhas
Gozag
Hepliaklqana
Kikubaaqudgha
Makhleb
Nemelex Xobeh
Okawaru
Qazlal
Ru
Trog
Uskayaw
Vehumet
Xom
Yredelemnul
The Shining One
Jiyva

Shops:
D:7 }


Innate Abilities, Weirdness & Mutations

You reflexively headbutt those who attack you in melee.
You have a pair of horns on your head.


Message History

You shoot an arrow.
The arrow hits the freezing wraith but does no damage.
The freezing wraith is moderately damaged.
The freezing wraith hits you. The freezing wraith freezes you!!
* * * LOW HITPOINT WARNING * * *
The freezing wraith hits you.
* * * LOW HITPOINT WARNING * * *
The freezing wraith drains your vigour!
You feel as though you will be slow longer.
You take 26 damage, and have 15/106 hp.
MASSIVE DAMAGE!!
Firing (i - inventory):
B - 248 arrows (quivered)
Press: ? - help, Shift-Dir - straight line, f/p - freezing wraith
Aim: a freezing wraith (moderately damaged)
You shoot an arrow. The arrow hits the freezing wraith!
The arrow burns the freezing wraith!
The freezing wraith is almost destroyed.
The freezing wraith hits you!
* * * LOW HITPOINT WARNING * * *
The freezing wraith freezes you!
You die... ▒▒▒▒▒▒ ▒▒▒·W··▒▒ ▒·(((@··▒ ▒·((▒▒▒··▒▒ ▒··· ▒▒··▒▒ ▒··· ▒▒··▒▒ ·WW

▒···▒ ·· ▒··▒▒
▒▒▒▒▒ · ▒···▒▒▒
▒▒▒···▒▒▒▒
▒▒····▒▒▒········▒▒
▒▒···············▒▒


You could see a freezing wraith.

Vanquished Creatures
  The ghost of Azzok the Warrior, a journeyman GrBe of Trog (Lair:4)
  A hydra (Lair:2)
  6 elephants (Lair:4)
  A centaur zombie (D:9)
  4 black mambas
  Psyche (D:8)
  2 gargoyles (D:10)
  6 spiny frogs
  3 rime drakes
  2 komodo dragons (Lair:3)
  A freezing wraith (IceCv)
  A troll (D:10)
  7 hippogriffs
  A spriggan (D:7)
  13 yaks
  A wyvern (Lair:4)
  2 basilisks
  A steam dragon (Lair:3)
  Grum (D:8)
  A death yak simulacrum (IceCv)
  12 water moccasins
  7 porcupines
  A sky beast (D:8)
  2 orc warriors
  7 ice beasts
  9 ogres
  6 centaurs
  14 wolves
  5 crocodiles
  A big kobold (D:6)
  9 bullfrogs
  2 scorpions
  A swamp dragon simulacrum (IceCv)
  12 killer bees
  4 wights (D:7)
  A howler monkey (D:6)
  6 crimson imps
  2 bullfrog zombies
  3 hounds
  3 orc priests
  4 orc wizards
  Jessica (D:3)
  An iguana (D:5)
  Natasha (D:2)
  4 worker ants
  2 polar bear simulacra (IceCv)
  A hound zombie (D:5)
  A hound skeleton (D:10)
  A howler monkey zombie (D:5)
  3 gnolls (D:8)
  A howler monkey skeleton (D:7)
  19 adders
  A shadow imp (D:9)
  5 white imps (IceCv)
  An adder skeleton (D:9)
  6 worms
  A dart slug (D:2)
  2 leopard geckos
  22 orcs
  A ball python (D:3)
  8 bats
  3 giant cockroaches
  7 hobgoblins
  9 jackals
  14 kobolds
  6 quokkas
  3 frilled lizards (D:2)
  4 goblins
  2 jackal skeletons
  A leopard gecko skeleton (D:4)
  3 rats
  A fungus (Lair:4)
  A plant (Lair:5)
303 creatures vanquished.

Vanquished Creatures (others)
  2 fungi
  2 plants (Lair:5)
4 creatures vanquished.

Grand Total: 307 creatures vanquished

Notes
Turn   | Place    | Note
-------+----------+-------------------------------------------
     0 | D:1      | Azzok the Minotaur Fighter began the quest for the Orb.
     0 | D:1      | Reached XP level 1. HP: 19/19 MP: 0/0
   310 | D:1      | Reached XP level 2. HP: 27/27 MP: 1/1
   788 | D:2      | Reached skill level 5 in Fighting
   809 | D:2      | You fall through a shaft for 2 floors!
   892 | D:3      | Noticed Jessica
   899 | D:3      | Killed Jessica
   899 | D:3      | Reached XP level 3. HP: 36/36 MP: 2/2
   987 | D:2      | Noticed Natasha
   996 | D:2      | Killed Natasha
   996 | D:2      | Reached XP level 4. HP: 40/44 MP: 3/3
  1693 | D:2      | Noticed an ogre
  1699 | D:2      | Killed an ogre
  1699 | D:2      | Reached XP level 5. HP: 28/52 MP: 4/4
  1857 | D:3      | Noticed an ogre
  1865 | D:3      | Killed an ogre
  1865 | D:3      | Reached XP level 6. HP: 53/61 MP: 5/5
  2346 | D:4      | Found a staircase to the Ecumenical Temple.
  2352 | Temple   | Entered the Ecumenical Temple
  2477 | Temple   | Became a worshipper of Warmaster Okawaru
  2497 | D:4      | Found a shimmering altar of Xom.
  2815 | D:5      | Entered Level 5 of the Dungeon
  2815 | D:5      | Noticed a hippogriff
  2823 | D:5      | Killed a hippogriff
  2823 | D:5      | Reached skill level 1 in Invocations
  2823 | D:5      | Reached XP level 7. HP: 61/71 MP: 5/7
  2933 | D:5      | Reached skill level 10 in Fighting
  3019 | D:5      | Reached * piety under Okawaru
  3019 | D:5      | Reached skill level 1 in Bows
  3027 | D:5      | Found an opulent altar of Gozag.
  3146 | D:5      | Reached skill level 2 in Bows
  3515 | D:5      | Reached XP level 8. HP: 79/79 MP: 9/9
  3622 | D:6      | Reached skill level 3 in Bows
  3805 | D:6      | Reached ** piety under Okawaru
  3805 | D:6      | Reached skill level 4 in Bows
  3834 | D:6      | Reached skill level 5 in Invocations
  3969 | D:6      | Reached skill level 5 in Bows
  4470 | D:7      | Noticed a hippogriff
  4478 | D:7      | Killed a hippogriff
  4478 | D:7      | Reached skill level 6 in Bows
  4478 | D:7      | Reached XP level 9. HP: 66/85 MP: 12/12
  4533 | D:7      | Reached *** piety under Okawaru
  4752 | D:7      | Found Ceygif's Gadget Emporium.
  5012 | D:8      | Reached skill level 7 in Bows
  5165 | D:8      | Noticed Grum
  5192 | D:8      | Killed Grum
  5194 | D:8      | Reached skill level 8 in Bows
  5398 | D:8      | Received a gift from Okawaru
  5780 | D:8      | Received a gift from Okawaru
  5864 | D:8      | Noticed Psyche
  5879 | D:8      | Killed Psyche
  5879 | D:8      | Reached skill level 9 in Bows
  5879 | D:8      | Reached XP level 10. HP: 81/93 MP: 15/15
  5985 | D:9      | Reached **** piety under Okawaru
  6645 | D:9      | Reached skill level 10 in Bows
  6715 | D:10     | Entered Level 10 of the Dungeon
  6916 | D:10     | Reached skill level 10 in Invocations
  7019 | D:10     | Noticed a gargoyle
  7043 | D:10     | Killed a gargoyle
  7045 | D:10     | Noticed a gargoyle
  7075 | D:10     | Killed a gargoyle
  7075 | D:10     | Reached skill level 11 in Bows
  7108 | D:10     | Got a polished ring mail
  7126 | D:10     | Found a staircase to the Lair.
  7132 | D:10     | Identified the +1 ring mail of the Salamander {Str+3} (You found it on level 10 of the Dungeon)
  7218 | D:10     | Reached ***** piety under Okawaru
  7330 | D:10     | Received a gift from Okawaru
  7501 | D:10     | Got an ancient granite ring
  7502 | D:10     | Identified the ring of Huvum {+Inv rElec MP-9 Str+3 Dex-3 Slay+4} (You found it on level 10 of the Dungeon)
  7796 | Lair:1   | Entered Level 1 of the Lair of Beasts
  7798 | Lair:1   | Found a snail-covered altar of Cheibriados.
  7835 | Lair:1   | Noticed a black mamba
  7843 | Lair:1   | Killed a black mamba
  7843 | Lair:1   | Reached skill level 12 in Bows
  7843 | Lair:1   | Reached XP level 11. HP: 41/99 MP: 8/17
  8546 | Lair:2   | Noticed a four-headed hydra
  8553 | Lair:2   | Killed a four-headed hydra
  8559 | Lair:2   | Reached skill level 13 in Bows
  8598 | Lair:2   | Received a gift from Okawaru
  9524 | Lair:3   | Received a gift from Okawaru
  9542 | Lair:3   | Reached skill level 14 in Bows
  9546 | Lair:3   | Got a transparent plate armour {god gift}
  9567 | Lair:2   | Identified the +1 plate armour of Foolhardiness {Dex+2 Stlth+} (Okawaru gifted it to you on level 3 of the Lair of Beasts)
  9708 | Lair:3   | Found a staircase to the Snake Pit.
 10427 | Lair:4   | Reached skill level 15 in Bows
 10438 | Lair:4   | Noticed Azzok's ghost (journeyman GrBe)
 10452 | Lair:4   | Killed Azzok's ghost
 10511 | Lair:4   | Reached XP level 12. HP: 98/106 MP: 9/18
 10552 | Lair:4   | Reached skill level 16 in Bows
 10691 | Lair:4   | Received a gift from Okawaru
 10697 | Lair:4   | Got an encrusted morningstar {god gift}
 10848 | Lair:4   | Found a staircase to the Shoals.
 10988 | Lair:4   | Identified the +5 morningstar "Irohisoca" {crush, rElec rC++ Int-5 Dex+4} (Okawaru gifted it to you on level 4 of the Lair of Beasts)
 11562 | Lair:5   | Found a viscous altar of Jiyva.
 11562 | Lair:5   | Found a staircase to the Slime Pits.
 11572 | Lair:5   | Reached skill level 17 in Bows
 11574 | Lair:5   | Received a gift from Okawaru
 11599 | Lair:5   | Found a frozen archway.
 11620 | IceCv    | Entered an ice cave
 11770 | IceCv    | Slain by a freezing wraith

Skill      XL: |  1  2  3  4  5  6  7  8  9 10 11 12 |
---------------+-------------------------------------+-----
Fighting       | 4 5 6 7 8 9 10 | 10.0
Invocations    | 1 3 6 8 10 | 10.0
Bows           | 2 6 9 12 15 17 | 17.3
Long Blades    | |  2.4
Armour         | |  3.6
Shields        | |  3.6

Action                   |  1- 3 |  4- 6 |  7- 9 | 10-12 || total
-------------------------+-------+-------+-------+-------++-------
Melee: Long sword        |    10 |       |       |       ||    10
       Whip              |    38 |   121 |   323 |   212 ||   694
       Headbutt          |     7 |    28 |    83 |    67 ||   185
 Fire: Shortbow          |       |       |       |   444 ||   444
Invok: Heroism           |       |       |       |     2 ||     2
Evoke: Wand              |       |       |       |     3 ||     3
  Use: Scroll            |       |       |       |    19 ||    19
       Potion            |       |       |       |     1 ||     1
  Eat: Chunk             |       |     6 |    10 |    17 ||    33
       Fruit             |       |       |     1 |     1 ||     2
Armor: Scale mail        |    20 |    34 |   118 |    97 ||   269
Dodge: Dodged            |    19 |    47 |   145 |   101 ||   312
Block: Shield            |    25 |    58 |   101 |       ||   184
       Large shield      |       |       |   130 |   158 ||   288
       Rpst.: Long sword |     4 |       |       |       ||     4
